[Event "Late-Titled-Tuesday-Blitz-September-19-2023"]
[Site "Chess.com"]
[Date "2023.09.19"]
[Round "7"]
[White "elpatodice"]
[Black "IgorBjelobrk"]
[Result "0-1"]
[WhiteElo "2370"]
[BlackElo "2683"]
[TimeControl "180+1"]
[EndTime "15:14:38 PDT"]
[Termination "IgorBjelobrk won by resignation"]

1. e4 e6 2. d4 d5 3. Nd2 c5 4. exd5 exd5 5. Ngf3 Nc6 6. Bb5 cxd4 7. O-O Bd6 8. Nxd4 Bxh2+ 9. Kxh2 Qh4+ 10. Kg1 Qxd4 11. c3 Qf6 12. Re1+ Ne7 13. Nf3 Bg4 14. Qxd5 Bxf3 15. Qxf3 Qxf3 16. gxf3 O-O 17. Bg5 Ng6 18. Bxc6 bxc6 19. Rad1 h6 20. Be3 Nh4 21. Re2 Nxf3+ 22.
Kg2 Nh4+ 23. Kh3 Nf5 24. Bc5 Rfd8 25. Rxd8+ Rxd8 26. Bxa7 Ra8 27. Bc5 Rxa2 28. Re8+ Kh7 29. Rb8 g5 30. Kg4 Ng7 31. Rb7 Kg6 32. Bd4 Ne6 33.
Rb6 Nxd4 34. cxd4 f6 35. Kg3 h5 36. b4 Rd2 37. Rxc6 Rxd4 38. b5 Rb4 39. b6 h4+ 40.
Kg2 g4 41. Rd6 Kg5 42. Rc6 f5 43. Rd6 Rb2 44. Rc6 g3 45. Rc8 Rxf2+ 46. Kg1 Rb2 47. Rb8 Kf4 48. Kf1 Kf3 49. Ke1 g2 0-1

[Event "Late-Titled-Tuesday-Blitz-September-19-2023"]
[Site "Chess.com"]
[Date "2023.09.19"]
[Round "7"]
[White "AlexNovitz"]
[Black "Hirna2005"]
[Result "0-1"]
[WhiteElo "2244"]
[BlackElo "2371"]
[TimeControl "180+1"]
[EndTime "15:14:38 PDT"]
[Termination "Hirna2005 won on time"]

1. e4 g6 2. d4 Bg7 3. Nc3 d6 4. Be3 a6 5. Qd2 b5 6. a3 Bb7 7. Bd3 Nd7 8. f4 Ngf6 9. h3 c5 10. e5 cxd4 11. Bxd4 dxe5 12. fxe5 Nh5 13. Qe3 Bxg2 14.
Rh2 Bb7 15. Be2 Qc7 16. Bxh5 gxh5 17. Re2 O-O-O 18. O-O-O e6 19. Nf3 Bh6 20. Qxh6 Bxf3 21. Qe3 Bxe2 22. Qxe2 h4 23. Qf3 Qb7 24. Ne4 Kb8 25. Qe3 Rhg8 26. Nd6 Qc6 27. Nxf7 Rc8 28. Bc3 Rg3 29. Qf2 Nc5 30. Rd6 Qh1+ 0-1

[Event "Late-Titled-Tuesday-Blitz-September-19-2023"]
[Site "Chess.com"]
[Date "2023.09.19"]
[Round "7"]
[White "Bala-Afiada"]
[Black "GMJustin"]
[Result "0-1"]
[WhiteElo "1956"]
[BlackElo "2238"]
[TimeControl "180+1"]
[EndTime "15:14:41 PDT"]
[Termination "GMJustin won on time"]

1. d4 Nf6 2. c4 e6 3. g3 Be7 4. Bg2 O-O 5. Nf3 d5 6. Qc2 dxc4 7. Qxc4 a6 8. O-O b5 9. Qc2 Bb7 10. Bf4 Nd5 11. Bd2 Nd7 12. e4 Nb4 13. Qb3 c5 14.
a3 c4 15. Qd1 Nd3 16. Ne1 Nxb2 17. Qc2 Na4 18. Nc3 Nxc3 19. Bxc3 Nb6 20. Nf3 Na4 21.
Bd2 Rc8 22. h4 f5 23. exf5 Rxf5 24. Ne5 Bxg2 25. Kxg2 Qxd4 26. Nf3 Qd5 27. Bf4 Qd3 0-1

[Event "Late-Titled-Tuesday-Blitz-September-19-2023"]
[Site "Chess.com"]
[Date "2023.09.19"]
[Round "7"]
[White "tarno17"]
[Black "Mariia89"]
[Result "0-1"]
[WhiteElo "2140"]
[BlackElo "2046"]
[TimeControl "180+1"]
[EndTime "15:14:45 PDT"]
[Termination "Mariia89 won on time"]

1. e4 c6 2. d4 d5 3. Nc3 dxe4 4. Nxe4 Nf6 5. Ng3 h5 6. h4 c5 7. Nf3 Nc6 8. Be3 cxd4 9. Nxd4 Bg4 10. Be2 Qa5+ 11. c3 O-O-O 12. O-O e5 13. Nxc6 bxc6 14. Qc2 Bd6 15. b4 Qc7 16. Ba6+ Kb8 17. b5 c5 18.
Rab1 Bc8 19. a4 Bb7 20. Nf5 g6 21. Nxd6 Rxd6 22. Rfd1 Rhd8 23. Rxd6 Rxd6 24. a5 Qxa5 25. Bxc5 Rd7 26. c4 Rd2 27. Qb3 Qa2 28. Rf1 Qxb3 29.
Ra1 Qb2 0-1

[Event "Late-Titled-Tuesday-Blitz-September-19-2023"]
[Site "Chess.com"]
[Date "2023.09.19"]
[Round "7"]
[White "Parhamov"]
[Black "hellokostya"]
[Result "1-0"]
[WhiteElo "3020"]
[BlackElo "2610"]
[TimeControl "180+1"]
[EndTime "15:14:53 PDT"]
[Termination "Parhamov won by resignation"]

1. h3 Nf6 2. Nf3 g6 3. c4 Bg7 4. Nc3 O-O 5. e4 d6 6. d4 e5 7. d5 Nh5 8. g3 Na6 9. Bg5 f6 10.
Be3 f5 11. exf5 gxf5 12. Ng5 Nf6 13. Ne6 Bxe6 14. dxe6 c6 15. Qb3 f4 16. gxf4 exf4 17. Bxf4 Nc5 18. Qc2 Nfe4 19. Be3 Nxc3 20. bxc3 Qf6 21.
Rg1 Nxe6 22. O-O-O Rad8 23. Bd3 Kh8 24. Bxh7 Bh6 25.
Rg4 Bxe3+ 26. fxe3 Qh6 27. Bf5 Qxe3+ 28. Kb1 Rf6 29.
Rdg1 Rh6 30. Qg2 Ng5 31. Rxg5 Qe8 32. Rg7 Qf8 33. Qg5 1-0

[Event "Late-Titled-Tuesday-Blitz-September-19-2023"]
[Site "Chess.com"]
[Date "2023.09.19"]
[Round "7"]
[White "Rodalquilar"]
[Black "GoldenShare"]
[Result "1-0"]
[WhiteElo "2745"]
[BlackElo "2595"]
[TimeControl "180+1"]
[EndTime "15:14:53 PDT"]
[Termination "Rodalquilar won by resignation"]

1. d4 d5 2. Nf3 Nf6 3. Bf4 c5 4. e3 Nc6 5. Nbd2 Qb6 6. dxc5 Qxc5 7. a3 Bg4 8. Be2 e6 9. O-O Be7 10. b4 Qb6 11. c4 O-O 12. h3 Bh5 13. c5 Qd8 14.
Nb3 Ne4 15. Rc1 Bf6 16. Nfd4 Bxe2 17. Qxe2 Nxd4 18. exd4 Bg5 19. Qe3 Re8 20. Rfd1 Bxf4 21. Qxf4 Qd7 22. Na5 Rac8 23. f3 Nf6 24. Qd6 Qa4 25.
Nxb7 Qxa3 26. c6 e5 27. dxe5 Qe3+ 28. Kh1 Nh5 29. Re1 Ng3+ 30. Kh2 Qf4 31. e6 Ne2+ 32. Qxf4 Nxf4 33. exf7+ Kxf7 34. Nd6+ Kf8 35. Rxe8+ 1-0

[Event "Late-Titled-Tuesday-Blitz-September-19-2023"]
[Site "Chess.com"]
[Date "2023.09.19"]
[Round "7"]
[White "wild3000"]
[Black "MFatigue"]
[Result "1/2-1/2"]
[WhiteElo "2473"]
[BlackElo "2557"]
[TimeControl "180+1"]
[EndTime "15:14:53 PDT"]
[Termination "Game drawn by repetition"]

1. e4 e6 2. Nf3 d5 3. e5 c5 4.
b4 cxb4 5. d4 Nc6 6. a3 Qa5 7.
Bd3 Nh6 8. O-O Nf5 9. Bb2 Qb6 10.
axb4 Nxb4 11. Bxf5 exf5 12. Ba3 Nc6 13. Bxf8 Rxf8 14.
c4 dxc4 15. d5 Nb4 16. Nc3 Bd7 17. Rb1 a5 18. Qe2 Qc5 19. e6 fxe6 20. dxe6 Bc6 21.
Ng5 Nd5 22. Nxd5 Qxd5 23. f3 Rf6 24. Rfe1 O-O-O 25. Qf2 h6 26. Nf7 Rxf7 27. exf7 Qxf7 28. Rbd1 Rxd1 29. Rxd1 Qc7 30. Qc5 b5 31. Rd6 Kb7 32.
h4 Bd7 33. Qd5+ Bc6 34. Qc5 Bd7 35. Qd5+ Bc6 36. Qc5 1/2-1/2

[Event "Late-Titled-Tuesday-Blitz-September-19-2023"]
[Site "Chess.com"]
[Date "2023.09.19"]
[Round "7"]
[White "Lady_Nika"]
[Black "Orest_Vovk"]
[Result "0-1"]
[WhiteElo "2455"]
[BlackElo "2556"]
[TimeControl "180+1"]
[EndTime "15:14:55 PDT"]
[Termination "Orest_Vovk won by checkmate"]

1. e4 g6 2. d4 Nf6 3. f3 d5 4.
e5 Nh5 5. Be3 c5 6. c3 Nc6 7. f4 Qb6 8. Qd2 Bf5 9. dxc5 Qc7 10. Nf3 e6 11. Nd4 Nxd4 12. cxd4 Be7 13. Bb5+ Kf8 14.
O-O Be4 15. Nc3 b6 16. Nxe4 dxe4 17. b4 Rd8 18. Qc2 f5 19. Bc4 Kf7 20. Qb3 Ng7 21. a4 h6 22. Rac1 g5 23. b5 bxc5 24. dxc5 gxf4 25.
Rxf4 Bxc5 26. Bxe6+ Nxe6 27. Rxc5 Qd7 28. Rxf5+ Kg7 29.
Rc1 Nd4 30. Bxd4 Qxd4+ 31. Kh1 Rhf8 32. Rxf8 Rxf8 33. Qe6 Rf7 34. h3 e3 35. Rc8 Rf1+ 36. Kh2 Qf4+ 37. g3 Qf2# 0-1

[Event "Late-Titled-Tuesday-Blitz-September-19-2023"]
[Site "Chess.com"]
[Date "2023.09.19"]
[Round "7"]
[White "ameetghasi100"]
[Black "YEIKO2017"]
[Result "1-0"]
[WhiteElo "2696"]
[BlackElo "2471"]
[TimeControl "180+1"]
[EndTime "15:14:58 PDT"]
[Termination "ameetghasi100 won by checkmate"]

1. d4 Nf6 2. Nf3 g6 3. g3 Bg7 4. Bg2 c5 5. O-O cxd4 6. Nxd4 Nc6 7. Nb3 O-O 8. c4 d6 9. Nc3 a5 10. Be3 a4 11. Nd4 Ne5 12. Nxa4 Nxc4 13. Bc1 Bd7 14. Nc3 Qa5 15. e3 b5 16. Nd5 Nxd5 17. Bxd5 Rac8 18. b3 Nb6 19. Bg2 e5 20. Ne2 d5 21. Bd2 Qa6 22. Bb4 Rfd8 23. Qd2 Bc6 24. Rac1 Bb7 25. Rfd1 h5 26. h3 d4 27. Bxb7 Qxb7 28. exd4 exd4 29.
Ba5 Rxc1 30. Rxc1 Rd7 31. Bxb6 Qxb6 32. Qd3 Kh7 33. Rc2 Qe6 34. Nf4 Qe1+ 35. Kg2 h4 36. Re2 Qc3 37. Qxb5 Rc7 38. Nd5 Qc6 39. Qxc6 Rxc6 40.
gxh4 Rc5 41. Nb4 Bh6 42. Re4 Bg7 43. Re7 f5 44. Rd7 Kh6 45. Nd3 Rc3 46. Nf4 Be5 47. Ne6 d3 48. Ng5 Rc2 49. Rh7# 1-0

[Event "Late-Titled-Tuesday-Blitz-September-19-2023"]
[Site "Chess.com"]
[Date "2023.09.19"]
[Round "7"]
[White "GoltsevDmitry2000"]
[Black "ElDivis"]
[Result "0-1"]
[WhiteElo "2643"]
[BlackElo "2528"]
[TimeControl "180+1"]
[EndTime "15:14:59 PDT"]
[Termination "ElDivis won by checkmate"]

1. e4 c5 2. Nf3 d6 3. d4 Nf6 4.
Nc3 cxd4 5. Nxd4 g6 6. Be2 Bg7 7. Bg5 O-O 8. Qd2 Nc6 9. Nb3 Be6 10. h4 a5 11. h5 a4 12. Nc1 a3 13. b3 Nxe4 14.
Nxe4 Bxa1 15. hxg6 fxg6 16. c3 Rc8 17. Nd3 Bf5 18.
Ng3 Ne5 19. c4 Nxd3+ 20. Bxd3 Bxd3 21. Qxd3 Qa5+ 22. Bd2 Qe5+ 23. Kf1 Bd4 24. Ne4 d5 25. cxd5 Rf7 26. f4 Rcf8 27. Ke2 Rxf4 28. Bxf4 Rxf4 29. Kd2 Rxe4 30. Rf1 Be3+ 31. Ke2 Bb6+ 32. Kf3 Qf4# 0-1

[Event "Late-Titled-Tuesday-Blitz-September-19-2023"]
[Site "Chess.com"]
[Date "2023.09.19"]
[Round "7"]
[White "midedu"]
[Black "arminmusovic"]
[Result "1-0"]
[WhiteElo "2069"]
[BlackElo "2493"]
[TimeControl "180+1"]
[EndTime "15:15:00 PDT"]
[Termination "midedu won by checkmate"]

1. e4 c6 2. d4 d5 3. Nc3 dxe4 4.
Nxe4 Nf6 5. Ng5 h6 6. N5f3 Na6 7. c3 Nc7 8. Bd3 g5 9. h3 Bg7 10. Ne2 O-O 11. Ng3 Re8 12. O-O Ncd5 13. Nf5 Bxf5 14.
Bxf5 e6 15. Bc2 Rc8 16. Qe2 c5 17. Rd1 cxd4 18. Nxd4 Qc7 19. Qf3 a6 20. a4 Red8 21. Bb3 Qb6 22. Ba2 Qc5 23. Bd2 Nf4 24. Bxf4 gxf4 25.
Nxe6 fxe6 26. Bxe6+ Kh8 27. Bxc8 Rxc8 28. Qxb7 Rf8 29. Qf3 Qg5 30. Rd6 Nh7 31. Rxa6 Qh4 32.
Qg4 Qe7 33. Re6 Qc5 34. Rae1 f3 35. Re8 fxg2 36. Rxf8+ Qxf8 37. h4 Nf6 38. Qxg2 Qb8 39. Re7 Nh5 40. Qg6 Bf8 41. Rh7# 1-0

[Event "Late-Titled-Tuesday-Blitz-September-19-2023"]
[Site "Chess.com"]
[Date "2023.09.19"]
[Round "7"]
[White "Arimin1329"]
[Black "FrancescoSorcinelli"]
[Result "1-0"]
[WhiteElo "2264"]
[BlackElo "2092"]
[TimeControl "180+1"]
[EndTime "15:15:03 PDT"]
[Termination "Arimin1329 won by checkmate"]

1. d4 g6 2. Bf4 Bg7 3. e3 d6 4. Nf3 Nc6 5. Be2 Bg4 6. h3 Bxf3 7. Bxf3 e5 8. dxe5 dxe5 9. Qxd8+ Rxd8 10. Bg5 Nge7 11.
Nc3 h6 12. Bxe7 Nxe7 13. Be2 O-O 14. Bc4 c6 15. Ke2 a5 16. a3 b5 17. Ba2 Kh7 18.
Rad1 f5 19. e4 b4 20. axb4 axb4 21. Na4 fxe4 22. Nc5 Rxd1 23. Rxd1 Nf5 24. c3 bxc3 25. bxc3 Ra8 26. Rd2 e3 27. fxe3 Ra5 28. Ne4 Ra4 29. Nc5 Ra3 30. g4 Ng3+ 31. Kf3 Nf1 32. Rc2 Bf8 33. Ne6 Be7 34. Bc4 Ra1 35. Rf2 Rc1 36.
Rxf1 Rxc3 37. Ke2 Bb4 38. Rf7+ Kh8 39. Ba6 e4 40. Nf4 Kg8 41. Rb7 Rc2+ 42. Kd1 Rd2+ 43. Kc1 Ba5 44. Nxg6 Rh2 45. Bc4# 1-0

[Event "Late-Titled-Tuesday-Blitz-September-19-2023"]
[Site "Chess.com"]
[Date "2023.09.19"]
[Round "7"]
[White "Byniolus"]
[Black "SantoBlue"]
[Result "0-1"]
[WhiteElo "2785"]
[BlackElo "2957"]
[TimeControl "180+1"]
[EndTime "15:15:04 PDT"]
[Termination "SantoBlue won on time"]

1. d4 d6 2. Nf3 c5 3. c3 Nd7 4. Bf4 b6 5. e3 Bb7 6. Nbd2 Ngf6 7. h3 g6 8. a4 Bg7 9. a5 O-O 10. Be2 e5 11. Bh2 e4 12. Ng1 d5 13. Bb5 bxa5 14. Qa4 Nb6 15. Qxa5 cxd4 16. cxd4 a6 17. Bf1 Bc6 18. Ne2 Bb5 19. Nc3 Bxf1 20. Kxf1 Nfd7 21.
Nxd5 Nxd5 22. Qxd5 Qb6 23. Qxd7 Qxb2 24. Ke2 Rfd8 25.
Qa4 Bxd4 26. exd4 Rxd4 27. Qa5 Rad8 28. Bf4 R4d5 29. Rab1 Qc2 30. Qb4 Qd3+ 31. Ke1 Rb5 32. Qb3 Rxb3 33. Rxb3 Qc2 34. Ke2 Rxd2+ 35. Bxd2 Qxb3 36.
Rc1 Qd3+ 37. Ke1 Qd7 38. h4 Kg7 39. g3 Qh3 40. Rc5 Qh1+ 41. Ke2 Qf3+ 42. Ke1 f6 43. Rc7+ Kg8 44. Rc8+ Kf7 45. Rc7+ Ke6 46. Rc6+ Kf5 47.
Rxa6 Qh1+ 48. Ke2 Qf3+ 49. Ke1 Kg4 50. Rc6 Kh3 0-1

[Event "Late-Titled-Tuesday-Blitz-September-19-2023"]
[Site "Chess.com"]
[Date "2023.09.19"]
[Round "7"]
[White "Tonychess32"]
[Black "AsaHoffmann"]
[Result "1-0"]
[WhiteElo "2511"]
[BlackElo "2374"]
[TimeControl "180+1"]
[EndTime "15:15:04 PDT"]
[Termination "Tonychess32 won on time"]

1. e4 d6 2. d4 Nf6 3. Nc3 c6 4.
Nf3 Bg4 5. Be2 e6 6. O-O d5 7. e5 Nfd7 8. h3 Bh5 9. Be3 c5 10. dxc5 Bxc5 11. Bxc5 Nxc5 12. Nd4 Bg6 13. f4 a6 14. f5 exf5 15. Nxf5 Bxf5 16. Rxf5 d4 17. Nb1 Nc6 18. Nd2 O-O 19. Qf1 Qe7 20. Bc4 Rad8 21. Re1 Ne6 22. Ne4 Qb4 23. Rxf7 Rxf7 24. Bxe6 Nxe5 25.
Ng5 d3 26. Nxf7 Nxf7 27. Bxf7+ Kh8 28. cxd3 Rf8 29. Re8 Rxe8 30. Bxe8 Qe7 31. Ba4 g6 32. Bb3 Kg7 33. Qf3 b5 34. Kh2 Qd6+ 35. Qg3 Qf6 36. Qc7+ Kh6 37. Bg8 Kg5 38. Bxh7 Qxb2 39. Qg3+ Kf6 40.
Qxg6+ Ke7 41. Qe4+ Kd6 42. Bg8 1-0

[Event "Late-Titled-Tuesday-Blitz-September-19-2023"]
[Site "Chess.com"]
[Date "2023.09.19"]
[Round "7"]
[White "dorpato"]
[Black "NotFischer"]
[Result "1/2-1/2"]
[WhiteElo "2014"]
[BlackElo "2242"]
[TimeControl "180+1"]
[EndTime "15:15:04 PDT"]
[Termination "Game drawn by repetition"]

1. e4 d5 2. exd5 Qxd5 3. Nc3 Qd6 4. Nf3 Nf6 5. Bc4 c6 6. O-O Bg4 7. Be2 e6 8. d4 Nbd7 9. Be3 Be7 10. h3 Bh5 11.
Nd2 Bg6 12. Bf3 Qc7 13. Nde4 O-O 14. Qd2 Nxe4 15. Nxe4 Bxe4 16. Bxe4 Nf6 17. Bd3 Rad8 18. c3 c5 19. dxc5 Bxc5 20. Bxc5 Qxc5 21. Qc2 g6 22.
Rad1 b5 23. Qb3 Rb8 24. Rfe1 Nd5 25. Be4 Nb6 26. h4 Nc4 27. Qc2 a5 28. Bf3 Rfc8 29. h5 Ne5 30. hxg6 Nxf3+ 31. gxf3 hxg6 32. Qe4 b4 33. cxb4 Rxb4 34. Qe3 Rxb2 35. Rd8+ Kg7 36. Rxc8 Qxc8 37.
Qe5+ f6 38. Qxb2 Qc6 39. Rc1 Qxf3 40. Rc7+ Kh6 41. Qd2+ g5 42. Rd7 Qg4+ 43. Kf1 Qh3+ 44. Ke1 Qh1+ 45. Ke2 Qe4+ 46. Kd1 Qb1+ 47. Ke2 Qe4+ 48.
Kf1 Qh1+ 49. Ke2 Qe4+ 1/2-1/2

[Event "Late-Titled-Tuesday-Blitz-September-19-2023"]
[Site "Chess.com"]
[Date "2023.09.19"]
[Round "7"]
[White "Hasangatin_Ramil"]
[Black "simplerXiao"]
[Result "0-1"]
[WhiteElo "2700"]
[BlackElo "2594"]
[TimeControl "180+1"]
[EndTime "15:15:05 PDT"]
[Termination "simplerXiao won on time"]

1. e4 c5 2. Nf3 e6 3. g3 Nc6 4.
Bg2 d5 5. exd5 exd5 6. d4 Nf6 7. O-O Be7 8. dxc5 O-O 9. Be3 d4 10. Nxd4 Ne5 11. Nb3 Nc4 12. Bd4 a5 13. a4 Ra6 14.
N1d2 Nxd2 15. Qxd2 Qc7 16. Rad1 Bg4 17. Rde1 Be6 18. Be5 Qc8 19. Bd6 Rd8 20. Re3 Bxd6 21. cxd6 Raxd6 22. Qc3 b6 23. Rfe1 Nd5 24. Qxc8 Rxc8 25.
Bxd5 Rxd5 26. c3 Rc4 27. Nd4 Rxa4 28. Nxe6 fxe6 29. Rxe6 Rb5 30. Rd1 Ra2 31. Rd7 h6 32.
Ree7 Rg5 33. b4 axb4 34. cxb4 Rb2 35. Rd4 Rf5 36. Rdd7 Rg5 37. h4 Rg4 38. Kg2 Rbxb4 39. f3 Rg6 40. h5 Rg5 41. f4 Rxf4 42. Kh3 Rfg4 43. Re3 Rb4 44. Re8+ Kh7 45. Rdd8 Rxh5+ 46. Kg2 Rg5 47. Rh8+ Kg6 48. Rd6+ Kh5 49. Re8 Rb2+ 50. Kh3 Rb3 51. Kh2 Rbxg3 52. Re2 b5 53. Rd4 R3g4 54. Rd3 b4 55. Rh3+ Rh4 0-1

[Event "Late-Titled-Tuesday-Blitz-September-19-2023"]
[Site "Chess.com"]
[Date "2023.09.19"]
[Round "7"]
[White "ural58"]
[Black "RCone"]
[Result "0-1"]
[WhiteElo "2538"]
[BlackElo "2459"]
[TimeControl "180+1"]
[EndTime "15:15:07 PDT"]
[Termination "RCone won on time"]

1. e4 d6 2. d4 Nf6 3. Nc3 g6 4. h4 h5 5. Nf3 Bg4 6. Be2 Bg7 7. Be3 c6 8. Qd2 b5 9. Ng5 Bxe2 10. Nxe2 Ng4 11. a4 Nxe3 12. fxe3 a6 13. axb5 cxb5 14.
Nc3 Nd7 15. Nd5 e6 16. Nf4 Qe7 17. Ngxe6 fxe6 18. Nxg6 Qf6 19. Nxh8 Bxh8 20. Qe2 Qg6 21. Qf3 Ke7 22. O-O-O Rf8 23. Qe2 Rg8 24. Rhf1 Qxe4 25. Qxh5 Qxe3+ 26. Kb1 Nf6 27. Qf3 Qxf3 28. gxf3 Nd5 29.
c3 Ne3 30. Rg1 Rf8 31. Rd3 Nd5 32. Rg3 Bf6 33. h5 Rh8 34. b3 Rxh5 35. c4 Nf4 36. Rd2 b4 0-1

[Event "Late-Titled-Tuesday-Blitz-September-19-2023"]
[Site "Chess.com"]
[Date "2023.09.19"]
[Round "7"]
[White "TC2304"]
[Black "WilsonPalencia21"]
[Result "0-1"]
[WhiteElo "2376"]
[BlackElo "2562"]
[TimeControl "180+1"]
[EndTime "15:15:07 PDT"]
[Termination "WilsonPalencia21 won by resignation"]

1. d4 Nf6 2. Nf3 c5 3. d5 d6 4.
Nc3 g6 5. e4 Bg7 6. Bb5+ Bd7 7.
a4 O-O 8. h3 Na6 9. O-O Nc7 10.
Bxd7 Nxd7 11. Re1 Ne5 12. Bf4 Ne8 13. Nxe5 dxe5 14. Be3 Rc8 15. Nb5 a6 16. Na3 Nd6 17. f3 f5 18. Bg5 Qd7 19. Qe2 h6 20. Bh4 fxe4 21. fxe4 Rf4 22. Bg3 Rxe4 23. Qf1 Rf8 24. Qd3 c4 25. Qd2 Rd4 26. Qe2 Rxd5 27. Nxc4 Nxc4 28. Qxc4 Rc8 29. Qb3 e6 30. Kh2 Rd2 31. c3 Qc6 32. Rg1 Rcd8 33. Rad1 e4 34. Rxd2 Rxd2 35. c4 Rd3 36. Qc2 Rxg3 37. Kxg3 Qd6+ 38. Kf2 Bd4+ 39. Kf1 Qf4+ 40. Ke1 Qe3+ 41. Qe2 Qxe2+ 42. Kxe2 Bxg1 43. b4 Bd4 44. c5 Kf7 45. b5 axb5 46. c6 bxc6 47. axb5 cxb5 0-1

[Event "Late-Titled-Tuesday-Blitz-September-19-2023"]
[Site "Chess.com"]
[Date "2023.09.19"]
[Round "7"]
[White "WindWhistler11"]
[Black "AlexOstrovskiy"]
[Result "0-1"]
[WhiteElo "2478"]
[BlackElo "2645"]
[TimeControl "180+1"]
[EndTime "15:15:08 PDT"]
[Termination "AlexOstrovskiy won on time"]

1. Nf3 g6 2. d4 Bg7 3. b3 d5 4. Bb2 e6 5. c4 Ne7 6. e3 O-O 7. Nc3 c5 8. Be2 Nbc6 9. a3 cxd4 10. exd4 dxc4 11. bxc4 Nxd4 12. O-O Nef5 13. Bd3 Nxf3+ 14.
Qxf3 Nd4 15. Qe3 Bd7 16. Be4 Bc6 17. Rfd1 Qb6 18. Rab1 Rfd8 19. Ba1 Qc7 20. Nb5 Nxb5 21. Bxg7 Kxg7 22. Bxc6 bxc6 23. cxb5 Rxd1+ 24. Rxd1 cxb5 25. Rc1 Qd6 26. h4 Rd8 27. Qxa7 Qf4 28. Re1 Qxh4 29. Qb6 Rd5 30. Qc7 Qf6 31. Rb1 h5 32. Qc6 Qf5 33. Qc3+ Kh7 34. a4 Qxb1+ 0-1

[Event "Late-Titled-Tuesday-Blitz-September-19-2023"]
[Site "Chess.com"]
[Date "2023.09.19"]
[Round "7"]
[White "temus_galaktionov"]
[Black "mishanick"]
[Result "1-0"]
[WhiteElo "2851"]
[BlackElo "3085"]
[TimeControl "180+1"]
[EndTime "15:15:10 PDT"]
[Termination "temus_galaktionov won by resignation"]

1. d4 Nf6 2. Nf3 d5 3. c4 e6 4. Nc3 Nbd7 5. Bf4 Bb4 6. Qa4 a5 7. a3 Bxc3+ 8. bxc3 O-O 9. cxd5 exd5 10. e3 Ne4 11. Qc2 Re8 12. c4 Ndf6 13. Bd3 c6 14. cxd5 Qxd5 15. O-O Qh5 16. Ne5 Ng5 17. Qd1 Qxd1 18.
Rfxd1 Ne6 19. Bg3 Nh5 20. a4 Nxg3 21. hxg3 Nc7 22. Bc4 Be6 23. Rdb1 Ra7 24. Bxe6 Rxe6 25. Nd3 Re7 26. Rb6 Nd5 27. Rb3 g5 28. g4 Kg7 29.
Rab1 h6 30. Kf1 f6 31. Ke2 Kg6 32. Kf3 h5 33. gxh5+ Kxh5 34. g4+ Kg6 35. e4 Nc7 36. Rxb7 Ne6 37. Rxa7 Rxa7 38. d5 Rd7 39. Rb6 Nd4+ 40. Ke3 Nc2+ 41. Kd2 Nd4 42. Kc3 Ne2+ 43. Kc4 cxd5+ 44.
exd5 Rc7+ 45. Rc6 Rb7 46. d6 Ng1 47. d7 Rb6 1-0

[Event "Late-Titled-Tuesday-Blitz-September-19-2023"]
[Site "Chess.com"]
[Date "2023.09.19"]
[Round "7"]
[White "SergioMoralesG"]
[Black "Alphafischer2019"]
[Result "0-1"]
[WhiteElo "2450"]
[BlackElo "2629"]
[TimeControl "180+1"]
[EndTime "15:15:11 PDT"]
[Termination "Alphafischer2019 won on time"]

1. d4 Nf6 2. c4 c5 3. d5 e5 4. Nc3 d6 5. e4 g6 6. g3 Bg7 7. Bg2 O-O 8. Nge2 a6 9. a4 h6 10. O-O Nh5 11. h3 f5 12. exf5 gxf5 13. f4 e4 14. Be3 Nf6 15. Qd2 Qe8 16. Nd1 Qg6 17. Bf2 Re8 18. Ne3 Nbd7 19. Kh2 Nf8 20. a5 Bd7 21.
Rg1 Rab8 22. Bh1 b6 23. axb6 Rxb6 24. Nc3 Reb8 25. Ra2 N8h7 26. Qe2 h5 27. Bg2 Kh8 28. Bf1 Bh6 29. Ncd1 Rg8 30. Ng2 Qe8 31. Nde3 Nf8 32. Nh4 Qc8 33. Qd1 Ng6 34. Nxg6+ Rxg6 35. Be2 h4 36. Qd2 Qg8 37. Nf1 e3 38. Qxe3 Ne4 39. gxh4 Nxf2 40. Rxg6 Qxg6 41. Qxf2 Qf6 42. Bd3 Rb3 0-1

[Event "Late-Titled-Tuesday-Blitz-September-19-2023"]
[Site "Chess.com"]
[Date "2023.09.19"]
[Round "7"]
[White "Bauman_Guy"]
[Black "WPWPWP-2015"]
[Result "1-0"]
[WhiteElo "2909"]
[BlackElo "2550"]
[TimeControl "180+1"]
[EndTime "15:15:13 PDT"]
[Termination "Bauman_Guy won by resignation"]

1. e4 e5 2. Nf3 Nf6 3. Nxe5 d6 4.
Nf3 Nxe4 5. d4 d5 6. Bd3 Bd6 7. Nbd2 Nf6 8. O-O O-O 9. Re1 h6 10. Nf1 Re8 11. c3 Bg4 12. Ng3 Rxe1+ 13. Qxe1 Bxf3 14.
gxf3 Nc6 15. Be3 Ne7 16. Qd2 Qf8 17. Kh1 Kh8 18. Rg1 c6 19. Qe1 Qc8 20. Qf1 Qe6 21. Qg2 Rg8 22. Bd2 Ng6 23. Nf5 Bf4 24. Be3 Nh7 25. Qg4 Bxe3 26. fxe3 Qf6 27. e4 dxe4 28.
fxe4 Qg5 29. Nd6 Rf8 30. e5 Qxg4 31. Rxg4 Ne7 32. Nxb7 Ng5 33. Nd6 Ne6 34. Bc4 Kg8 35. Rg2 Nd5 36. Rf2 g6 37. Ne4 Kg7 38. Nf6 Ndf4 39.
b4 Rd8 40. Ne4 h5 41. Nd6 g5 42. h4 g4 43. Bxe6 Nxe6 44. Rxf7+ Kg6 45. Rf6+ Kg7 46. Rxe6 Rf8 47. Rf6 Rxf6 48. exf6+ Kxf6 49. c4 Ke6 50. Ne4 Kf5 51. Ng3+ Kf4 52. Nxh5+ Ke4 53. Ng3+ Kxd4 54. h5 Ke5 55. Kg2 Kf6 56. Kf2 1-0

[Event "Late-Titled-Tuesday-Blitz-September-19-2023"]
[Site "Chess.com"]
[Date "2023.09.19"]
[Round "7"]
[White "Gogolev_Artemy"]
[Black "IMSlavin"]
[Result "0-1"]
[WhiteElo "2386"]
[BlackElo "2302"]
[TimeControl "180+1"]
[EndTime "15:15:13 PDT"]
[Termination "IMSlavin won on time"]

1. d4 Nc6 2. d5 Ne5 3. e4 Ng6 4.
h4 e5 5. h5 N6e7 6. c4 h6 7.
Nc3 Nf6 8. Nge2 Neg8 9. Ng3 d6 10. Be3 Be7 11. Be2 Nh7 12. Qd2 Ngf6 13. O-O-O O-O 14.
Nf5 Bxf5 15. exf5 Nd7 16. Kb1 Bg5 17. Ne4 Bxe3 18. Qxe3 Ndf6 19. Nc3 Re8 20. c5 Qd7 21. g4 Ng5 22. f3 a6 23. Rc1 Qe7 24. c6 bxc6 25. dxc6 d5 26. Qd2 d4 27. Na4 Nd5 28. Nc5 a5 29. Ne4 Nxe4 30. fxe4 Ne3 31. Ka1 a4 32. Bc4 a3 33. b3 Qg5 34. Rhg1 Nxc4 35.
Qxg5 hxg5 36. Rxc4 Ra6 37. Rd1 Rb8 38. Rc5 f6 0-1

[Event "Late-Titled-Tuesday-Blitz-September-19-2023"]
[Site "Chess.com"]
[Date "2023.09.19"]
[Round "7"]
[White "CFalcons8"]
[Black "Hoshka"]
[Result "1-0"]
[WhiteElo "2255"]
[BlackElo "2053"]
[TimeControl "180+1"]
[EndTime "15:15:13 PDT"]
[Termination "CFalcons8 won on time"]

1. e4 e5 2. Nf3 Nc6 3. Bb5 a6 4. Ba4 Nf6 5. O-O Be7 6. Re1 b5 7. Bb3 d6 8. c3 O-O 9. h3 Bb7 10.
d4 Re8 11. Nbd2 Bf8 12. Bc2 g6 13. a3 Bg7 14. Nf1 Nd7 15. Ng3 Nb6 16. b3 d5 17. dxe5 Nxe5 18. Nd4 c5 19. Nf3 Nxf3+ 20. Qxf3 b4 21. axb4 cxb4 22. Bb2 dxe4 23. Bxe4 Nd5 24. Red1 Rxe4 25. Nxe4 f5 26. Nc5 Bc6 27. Ne6 Qf6 28. Nxg7 bxc3 29. Rxd5 cxb2 30. Rad1 Kxg7 31. Rd7+ Kh6 32. Qf4+ g5 33. R7d6 gxf4 34. Rxf6+ 1-0

[Event "Late-Titled-Tuesday-Blitz-September-19-2023"]
[Site "Chess.com"]
[Date "2023.09.19"]
[Round "7"]
[White "JG-17"]
[Black "egnfanclub"]
[Result "0-1"]
[WhiteElo "2492"]
[BlackElo "2374"]
[TimeControl "180+1"]
[EndTime "15:15:15 PDT"]
[Termination "egnfanclub won by resignation"]

1. e4 e5 2. Nc3 Nf6 3. f4 d5 4. fxe5 Nxe4 5. Qf3 f5 6. d3 Nxc3 7. bxc3 d4 8. Qg3 Nc6 9. Be2 Be6 10. Bf3 Qd7 11. Ne2 dxc3 12. Be3 O-O-O 13. O-O Be7 14.
Rfb1 Bd5 15. Nxc3 Bxf3 16. Qxf3 Bb4 17. Rxb4 Nxb4 18. Rb1 a5 19. a3 Nd5 20. Bg5 Qc6 21.
Qxf5+ Kb8 22. Nb5 Rdf8 23. Qe4 Qc5+ 24. Kh1 c6 25. Nd6 b5 26. c4 Nc3 27. Rc1 Nxe4 28.
Nxe4 Qxe5 29. Bh4 Kb7 30. Bg3 Qb2 31. Re1 Re8 32. Nd6+ Ka7 33. Nxe8 Rxe8 34. Rxe8 Qxa3 35. Bf2+ Kb7 36. c5 Qxd3 37. Re7+ Ka6 38. Rxg7 Qd1+ 39. Bg1 b4 40. Rc7 Kb5 41. Rb7+ Kc4 42. Ra7 b3 43.
Rxa5 b2 44. Ra4+ Kb5 45. Ra8 b1=Q 46. Rb8+ Kc4 47. Rxb1 Qxb1 48. h3 Kd5 49. Kh2 Ke4 50. Kg3 Qd3+ 51. Kh2 h5 52. h4 Kf5 53. g3 Kg4 54. Kg2 Qe2+ 55. Bf2 Qf3+ 56. Kg1 Kh3 0-1